 Dungeon Crawl Stone Soup version 0.29.1-1-gd02db6906a (webtiles) character file.

Game seed: 4027848220321290950

6680 lonewolfV2 the Fighter (level 10, -9/86 HPs)
             Began as a Demonspawn Berserker on Oct 16, 2022.
             Was a Believer of Trog.
             Shot with an arrow by a centaur (13 damage)
             ... on level 9 of the Dungeon.
             The game lasted 00:19:00 (10994 turns).

lonewolfV2 the Fighter (Demonspawn Berserker)      Turns: 10994, Time: 00:19:00

Health: -9/86      AC:  3    Str: 19    XL:     10   Next: 73%
Magic:  0/10       EV: 19    Int:  9    God:    Trog [**....]
Gold:   255        SH:  0    Dex: 27    Spells: 9/9 levels left

rFire   + + .      SeeInvis .   p - +6 war axe of Nymir {vorpal, Drain Fly rF++ rCorr}
rCold   . . .      Faith    .   (no shield)
rNeg    . . .      Spirit   +   b - +1 animal skin
rPois   .          Reflect  .   (helmet restricted)
rElec   .          Harm     .   v - scarf {shadows}
rCorr   +          Rampage  .   (no gloves)
Will    .....                   (no boots)
Stlth   ++++......              o - amulet of guardian spirit
HPRegen 0.24/turn               n - +6 ring of dexterity
MPRegen 0.24/turn               c - +6 ring of dexterity

@: flying, studying Fighting
A: antennae 2, claws 1, hooves 1, spiny 2, magic regeneration
a: Renounce Religion, Berserk, Trog's Hand


You were on level 9 of the Dungeon.
You worshipped Trog.
Trog was pleased with you.
You visited 1 branch of the dungeon, and saw 9 of its levels.

You collected 618 gold pieces.
You spent 363 gold pieces at shops.

Inventory:

Hand Weapons
 a - a +0 hand axe
 p - the +6 war axe of Nymir (weapon) {vorpal, Drain Fly rF++ rCorr}
   (You bought it in a shop on level 7 of the Dungeon)

   It inflicts extra damage upon your enemies.
   rF:        It greatly protects you from fire.
   Fly:       It grants you flight.
   rCorr:     It protects you from acid and corrosion.
   Drain:     It drains your maximum health when unequipped.
Missiles
 w - a throwing net (quivered)
Armour
 b - a +1 animal skin (worn)
 v - a scarf of shadows (worn)
Jewellery
 c - a +6 ring of dexterity (right claw)
 f - a ring of protection from fire
 n - a +6 ring of dexterity (left claw)
 o - an amulet of guardian spirit (around neck)
Wands
 r - a wand of flame (24)
 s - a wand of iceblast (10)
 t - a wand of paralysis (7)
Scrolls
 g - 7 scrolls of poison
 j - 5 scrolls of teleportation
 l - 2 scrolls of vulnerability
 m - a scroll of fear
 q - a scroll of blinking
Potions
 d - 2 potions of cancellation
 e - 4 potions of curing
 h - 2 potions of mutation
 i - 5 potions of lignification
 k - a potion of flight


   Skills:
 + Level 10.5 Fighting
 + Level 10.5 Axes
 + Level 2.0 Armour
 + Level 7.1 Dodging
 + Level 6.1 Stealth


You had 9 spell levels left.
You didn't know any spells.
Your spell library contained the following spells:

 Spells                   Type           Power      Damage    Failure   Level
 Conjure Ball Lightning   Conj/Air       0%         3x3d6     100%        6
 Discord                  Hex            0%         N/A       100%        8
 Disjunction              Tloc           0%         N/A       100%        8


Dungeon Overview and Level Annotations

Branches:
Dungeon (9/15)             Temple (0/1) D:4
   Lair: D:8-11         Orc: D:9-12

Altars:
Ashenzari
Dithmenos
Fedhas
Gozag
Makhleb
Ru
Sif Muna
Vehumet

Shops:
D:5 *(?*   D:6 *   D:7 :(![

Annotations:
D:7 3 runed translucent doors, Godmorgon's ghost, novice TeAE


Innate Abilities, Weirdness & Mutations

You have a pair of antennae on your head.
You have sharp fingernails.
You have large cloven feet.
You are mostly covered in sharp spines.
You regenerate magic rapidly.


Message History

You barely miss the orc.
The orc warrior shoots a bolt.
The bolt hits you.
A centaur comes into view.
The orc is struck by your spines.
You kill the orc!
Trog accepts your kill.
The orc warrior shoots a bolt.
The bolt hits you!
The centaur wields a +0 shortbow.
The centaur shoots an arrow.
The arrow misses you.
The orc warrior unwields a +0 arbalest.
The orc warrior wields a +0 scimitar.
The orc warrior barely misses you.
You hit the orc warrior.
The orc warrior is lightly wounded.
The centaur shoots an arrow.
The arrow closely misses you.
The orc warrior hits you with a +0 scimitar!
* * * LOW HITPOINT WARNING * * *
You slash the orc warrior!
The orc warrior is severely wounded.
The centaur shoots an arrow.
The arrow hits you!
* * * LOW HITPOINT WARNING * * *
The orc warrior barely misses you.
The centaur shoots an arrow.
The arrow hits you.
* * * LOW HITPOINT WARNING * * *
You slice the orc warrior!!
You kill the orc warrior!
Trog accepts your kill.
The centaur shoots an arrow.
The arrow completely misses you.
The centaur shoots an arrow.
The arrow hits you!
* * * LOW HITPOINT WARNING * * *
The centaur shoots an arrow.
The arrow hits you.
* * * LOW HITPOINT WARNING * * *
You feel better.
The centaur shoots an arrow.
The arrow hits you!
* * * LOW HITPOINT WARNING * * *
You feel better.
The centaur shoots an arrow.
The arrow barely misses you.
The centaur shoots an arrow.
The arrow closely misses you.
You feel better.
The centaur shoots an arrow.
The arrow hits you!
* * * LOW HITPOINT WARNING * * *
The centaur shoots an arrow.
The arrow hits you!
* * * LOW HITPOINT WARNING * * *
The centaur shoots an arrow.
The arrow barely misses you.
The centaur shoots an arrow.
The arrow hits you!
You die...

............##
.............###
...............##
#..............[#
#......[.[......#
#.......)†..†..##
##.......).....#
#...../.......#
#...@........##
#......)....##
##..........#
#...........#
#c!......##.#
........### .#
..#...###


You could see a centaur.

Vanquished Creatures
  A cyclops (D:8)
  The ghost of GigaChad the Covered, a novice MiFi (D:6)
  Maggie (D:6)
  Grinder (D:5)
  6 yaks (D:7)
  Eustachio (D:5)
  2 steam dragons
  Menkaure (D:7)
  4 two-headed ogre zombies (D:9)
  2 water moccasins
  An orc warrior (D:9)
  6 sky beasts
  2 ice beasts
  2 black bears
  The ghost of boopmooplesden the Twirler, an amateur MiGl (D:4)
  2 phantoms (D:4)
  The ghost of Fractals the Sneak, an amateur KoWn (D:3)
  7 bullfrogs
  A necrophage (D:7)
  2 gnoll sergeants
  3 scorpions
  6 howler monkeys
  5 quasits (D:6)
  5 hounds
  3 jellies
  3 orc priests
  A gnoll bouda (D:5)
  Jessica (D:2)
  6 iguanas
  Natasha (thrice) (D:2)
  3 orc wizards
  7 adders
  11 gnolls
  A shadow imp (D:5)
  4 ufetubi
  4 dart slugs
  12 orcs
  5 endoplasms
  3 giant cockroaches (D:1)
  3 hobgoblins
  3 jackals (D:4)
  8 quokkas
  6 ball pythons
  6 bats
  A frilled lizard (D:2)
  3 goblins
  8 kobolds
  4 rats
173 creatures vanquished.

Vanquished Creatures (others)
  5 plants (D:6)
5 creatures vanquished.

Grand Total: 178 creatures vanquished

Notes
Turn   | Place    | Note
-------+----------+-------------------------------------------
     0 | D:1      | lonewolfV2 the Demonspawn Berserker began the quest for the
                  | Orb.
     0 | D:1      | Reached XP level 1. HP: 18/18 MP: 1/1
   120 | D:1      | Gained mutation: You are partially covered in sharp spines.
                  | [demonic ancestry]
   120 | D:1      | Reached XP level 2. HP: 24/24 MP: 2/2
   649 | D:1      | Reached XP level 3. HP: 29/29 MP: 3/3
   836 | D:1      | Found a faded altar of an unknown god.
  1397 | D:2      | Noticed Jessica
  1401 | D:2      | Killed Jessica
  1402 | D:2      | Gained mutation: You regenerate magic rapidly. [demonic
                  | ancestry]
  1402 | D:2      | Reached XP level 4. HP: 37/37 MP: 4/4
  1467 | D:2      | Noticed Natasha
  1473 | D:2      | Killed Natasha
  1773 | D:2      | Noticed Natasha
  1779 | D:2      | Killed Natasha
  1897 | D:2      | Reached ** piety under Trog
  1903 | D:2      | Reached XP level 5. HP: 26/42 MP: 5/5
  2325 | D:2      | Noticed Natasha
  2335 | D:2      | Killed Natasha
  2544 | D:3      | Found a large runed translucent door.
  2545 | D:3      | Found a large runed translucent door.
  2553 | D:3      | Noticed Fractals's ghost (amateur KoWn)
  2565 | D:3      | Killed Fractals's ghost
  2868 | D:3      | Found a sacrificial altar of Ru.
  3478 | D:4      | Reached skill level 1 in Stealth
  3478 | D:4      | Discovered your monstrous ancestry.
  3478 | D:4      | Gained mutation: You have a pair of small antennae on your
                  | head. [demonic ancestry]
  3478 | D:4      | Reached XP level 6. HP: 49/49 MP: 6/6
  3606 | D:4      | Reached skill level 5 in Fighting
  3606 | D:4      | Reached skill level 5 in Axes
  4032 | D:4      | Found a runed translucent door.
  4212 | D:4      | Gained mutation: You have large cloven feet. [demonic
                  | ancestry]
  4212 | D:4      | Reached XP level 7. HP: 51/56 MP: 7/7
  4513 | D:4      | Noticed boopmooplesden's ghost (amateur MiGl)
  4530 | D:4      | Killed boopmooplesden's ghost
  5194 | D:4      | Found a staircase to the Ecumenical Temple.
  5227 | D:5      | Entered Level 5 of the Dungeon
  5230 | D:5      | Noticed Grinder
  5247 | D:5      | Killed Grinder
  5479 | D:5      | Gained mutation: You have a pair of antennae on your head.
                  | [demonic ancestry]
  5479 | D:5      | Reached XP level 8. HP: 54/65 MP: 8/8
  5622 | D:5      | Found Qedont's Magic Scroll Shoppe.
  5646 | D:5      | Found Jiliompa's General Store.
  5741 | D:5      | Noticed Eustachio
  5751 | D:5      | Killed Eustachio
  6182 | D:5      | Found Toal's Assorted Antiques.
  6212 | D:5      | Found Zyollim's Weapon Boutique.
  6309 | D:6      | Found a transporter.
  6309 | D:6      | Noticed GigaChad's ghost (novice MiFi)
  6347 | D:6      | Killed GigaChad's ghost
  6348 | D:6      | Reached skill level 5 in Dodging
  6350 | D:6      | Found a transporter.
  6595 | D:6      | Gained mutation: You are mostly covered in sharp spines.
                  | [demonic ancestry]
  6595 | D:6      | Reached XP level 9. HP: 61/74 MP: 9/9
  7550 | D:6      | Found a blossoming altar of Fedhas.
  7550 | D:6      | Found a radiant altar of Vehumet.
  7558 | D:6      | Found a faded altar of an unknown god.
  7560 | D:6      | Found a broken altar of Ashenzari.
  7653 | D:6      | Found Hiclecof's Assorted Antiques.
  7835 | D:6      | Noticed Maggie
  7853 | D:6      | Killed Maggie
  8233 | D:7      | Found Kamoezxi's Distillery.
  8240 | D:7      | Noticed Menkaure
  8248 | D:7      | HP: 2/75 [Menkaure (22)]
  8251 | D:7      | Killed Menkaure
  8263 | D:7      | HP: 1/76 [orc priest/divine providence (12)]
  8270 | D:6      | HP: 1/76 [orc priest/divine providence (11)]
  9063 | D:7      | Bought a potion of curing for 36 gold pieces
  9063 | D:7      | Bought a potion of curing for 36 gold pieces
  9063 | D:7      | Bought a potion of curing for 36 gold pieces
  9074 | D:7      | Found Iniudgh's Book Boutique.
  9259 | D:7      | Found Pimigg's Antique Weapon Shop.
  9283 | D:7      | Bought a twisted war axe for 255 gold pieces
  9283 | D:7      | Identified the +6 war axe of Nymir {vorpal, Drain Fly rF++
                  | rCorr} (You bought it in a shop on level 7 of the Dungeon)
  9286 | D:7      | Found Libag's Antique Armour Boutique.
  9430 | D:7      | Found an opulent altar of Gozag.
  9433 | D:7      | Found a shimmering blue altar of Sif Muna.
  9463 | D:7      | Found a shadowy altar of Dithmenos.
  9466 | D:7      | Found a burning altar of Makhleb.
  9602 | D:7      | Found a runed translucent gate.
  9602 | D:7      | Found a runed translucent gate.
  9602 | D:7      | Found a runed translucent gate.
  9606 | D:7      | Noticed Godmorgon's ghost (novice TeAE)
  9656 | D:7      | Gained mutation: You have sharp fingernails. [demonic
                  | ancestry]
  9656 | D:7      | Reached XP level 10. HP: 83/83 MP: 8/10
  9658 | D:7      | Reached skill level 5 in Stealth
  9938 | D:8      | Noticed a cyclops
  9951 | D:8      | Killed a cyclops
 10052 | D:8      | Reached skill level 10 in Fighting
 10359 | D:8      | Identified the +1 long sword of Triumph {holy, Drain rElec
                  | rC++}
 10664 | D:8      | Reached skill level 10 in Axes
 10989 | D:9      | HP: 4/86 [centaur/arrow (3)]
 10994 | D:9      | Shot with an arrow by a centaur

Illustrated notes

Levels and vault maps discovered:
D:1:      lightli_iron_boxes, layout_basic, ebering_ecumenical_altar_sacrificial
D:2:      layout_loops_ring, hex_medium, minmay_tree_intersection, uniq_natasha,
          uniq_jessica
D:3:      layout_basic, hangedman_ru_absence, ebering_ghost_disaster_area
D:4:      layout_cave_pools, elyvilon_altar_1, minmay_temple_entry_poolview,
          ebering_ghost_sewer_d
D:5:      layout_basic, serial_shops, nicolae_shop_bloodbath_and_beyond,
          kennysheep_little_box, nicolae_lakefront_shop,
          nicolae_shop_window_shopping, uniq_grinder, uniq_eustachio
D:6:      layout_loops_corners, chequers_temple_overflow_minitemple,
          gammafunk_ghost_stat_death, serial_shops, shop, st_stairs_1,
          roderic_lattice_a, serial_bayou_pond_a, uniq_maggie
D:7:      layout_rooms, grunt_temple_overflow_cloverleaf,
          biasface_ghost_orc_armoury, serial_shops,
          nicolae_shop_temple_entry_statues_fountains, nicolae_stop_n_shop_2,
          nicolae_diamond_shop, shop_coins, uniq_menkaure
D:8:      layout_loops_ring
D:9:      lemuel_ogre_cave, layout_cave_pods, hangedman_weighted_door

Skill      XL: |  1  2  3  4  5  6  7  8  9 10 |
---------------+-------------------------------+-----
Axes           | 3 4 5 6 7 9 10 | 10.5
Dodging        | 2 3 5 6 7 |  7.1
Armour         | 2 |  2.0
Fighting       | 4 5 6 8 9 10 | 10.5
Stealth        | 1 2 3 4 6 |  6.1

Action                   |  1- 3 |  4- 6 |  7- 9 | 10-12 || total
-------------------------+-------+-------+-------+-------++-------
Melee: Hand axe          |    49 |    87 |   205 |       ||   341
       Punch             |       |     2 |     2 |       ||     4
       Kick              |       |       |    75 |    23 ||    98
       War axe           |       |       |     7 |    71 ||    78
Invok: Berserk           |     2 |     3 |     6 |     2 ||    13
       Trog's Hand       |       |       |    10 |     3 ||    13
  Use: Scroll            |    10 |     1 |     6 |     2 ||    19
       Potion            |       |       |     8 |     5 ||    13
 Stab: Sleeping          |       |     1 |     5 |     3 ||     9
       Distracted        |       |       |       |     2 ||     2
Armor: Animal skin       |    11 |    13 |    36 |     9 ||    69
Dodge: Dodged            |    28 |    57 |   188 |    75 ||   348
